 Dungeon Crawl Stone Soup version 0.23.0-3-gf3c87f2df8 (webtiles) character file.

Game seed: 11824505214798192479

9 Esekla the Conjurer (level 2, -3/15 HPs)
             Began as a Tengu Wanderer on Feb 22, 2019.
             Slain by a gnoll (7 damage)
             ... on level 1 of the Dungeon.
             The game lasted 00:04:16 (374 turns).

Esekla the Conjurer (Tengu Wanderer)                 Turns: 374, Time: 00:04:17

Health: -3/15      AC:  2    Str: 10    XL:     2   Next: 12%
Magic:  3/3        EV: 12    Int: 12    God:
Gold:   11         SH:  0    Dex: 15    Spells: 1/1 levels left

rFire    . . .     SeeInvis .   e - +0 dagger
rCold    . . .     Gourm    .   (no shield)
rNeg     . . .     Faith    .   d - +0 robe
rPois    .         Spirit   .   (helmet restricted)
rElec    .         Reflect  .   (no cloak)
rCorr    .         Harm     .   (no gloves)
MR       .....                  (boots unavailable)
Stlth    ++........             (no amulet)
HPRegen  0.05/turn              (no ring)
MPRegen  0.08/turn              (no ring)

@: no status effects
A: beak, talons 3
a: no special abilities


You were on level 1 of the Dungeon.
You were not hungry.

You visited 1 branch of the dungeon, and saw 2 of its levels.

You collected 11 gold pieces.

Inventory:

Hand Weapons
 e - a +0 dagger (weapon)
Armour
 d - a +0 robe (worn)
Scrolls
 a - a scroll of remove curse {unknown}
 b - a scroll of identify {unknown}
Potions
 c - a potion of lignification
Comestibles
 f - 2 rations


   Skills:
 * Level 1.2 Short Blades
 * Level 1.1 Dodging
 - Level 1.0 Stealth
   Level 1.0 Shields
   Level 5.3 Conjurations
   Level 2.4 Summonings
   Level 1.7 Ice Magic


You had one spell level left.
You didn't know any spells.
Your spell library contained the following spells:

 Spells                   Type           Power        Failure   Level  Hunger
 Sting                    Conj/Pois      #...         12%         1    ##.....
 Freeze                   Ice            #...         16%         1    ##.....
 Throw Frost              Conj/Ice       #.....       12%         2    ###....
 Dazzling Spray           Conj/Hex       #.....       34%         3    ####...
 Ozocubu's Armour         Chrm/Ice       #.......     56%         3    ####...
 Throw Icicle             Conj/Ice       #.......     61%         4    #####..
 Summon Ice Beast         Ice/Summ       #.......     80%         4    #####..


Dungeon Overview and Level Annotations

Branches:
Dungeon (2/15)

Altars:


Innate Abilities, Weirdness & Mutations

You have a beak for a mouth.
You have claws for feet.


Message History

You climb upwards.
The gnoll closely misses you.
The gnoll is too close now for your liking.
There is a stone staircase leading down here.
You hit the gnoll. You claw the gnoll.
The gnoll is heavily wounded.
The gnoll closely misses you.
You hit the gnoll but do no damage. You peck the gnoll, but do no damage.
The gnoll is heavily wounded.
The gnoll closely misses you.
You barely miss the gnoll. You peck the gnoll, but do no damage.
The gnoll is heavily wounded.
The gnoll hits you!
You barely miss the gnoll. Your kick misses the gnoll. You peck the gnoll.
The gnoll is almost dead.
The gnoll hits you.
* * * LOW HITPOINT WARNING * * *
You hit the gnoll but do no damage.
The gnoll is almost dead.
The gnoll hits you!
You die...

#.#........ ..#
#.##..#'#.. ..#
#..####⌠### ..##
#8..g'⌠<⌠'' #..#
#..####⌠### #..#
#.##..#'#.. #..#
#.#........
#######..#
#....#...##
......g@.# ####....##
#######..# ###.##
#..# #.# #.##..#
#.#### #.....# ......
#####.###############
#...!g...........
#################


You could see a gnoll.

Vanquished Creatures
  An adder (D:2)
1 creature vanquished.

Notes
Turn   | Place    | Note
-------+----------+-------------------------------------------
     0 | D:1      | Esekla the Tengu Wanderer began the quest for the Orb.
     0 | D:1      | Esekla set off with the following items: a potion of
                  | lignification, a +0 robe, a +0 dagger, a ration; and the
                  | following spells available to memorise: Sting, Throw Frost,
                  | Freeze, Dazzling Spray, Ozocubu's Armour, Throw Icicle,
                  | Summon Ice Beast
     0 | D:1      | Reached XP level 1. HP: 10/10 MP: 2/2
   269 | D:2      | Reached skill level 1 in Short Blades
   269 | D:2      | Reached skill level 1 in Dodging
   269 | D:2      | Reached XP level 2. HP: 12/15 MP: 3/3
   374 | D:1      | Slain by a gnoll

Skill      XL: |  1 |
---------------+----+-----
Short Blades   | 1 |  1.2
Dodging        | 1 |  1.1
Stealth        | |  1.0
Shields        | |  1.0
Conjurations   | |  5.3
Summonings     | |  2.4
Ice Magic      | |  1.7

Action                   || total
-------------------------++-------
Melee: Dagger            ||    12
       Kick              ||     2
       Peck              ||     3
 Stab: Sleeping          ||     1
Armor: Robe              ||     2
Dodge: Dodged            ||     7
